Cogmind - Beta 11.1 @@@ ROGUE MODE // 2022.05.01 @ 16:23:05 // Winter2019/RPGLIKE Player: Kiks Result: Destroyed by D-53 Grenadier with Mini Grenade Launcher Performance ------------- Evolutions (1) 500 Regions Visited (4) 800 Robots Destroyed (86) 430 Value Destroyed (1985) 1985 Prototype IDs (5) 100 Alien Tech Used (0) 0 Bonus (174) 174 TOTAL SCORE: 3989 Bonus ------- High Alert Combat Kills 174 Cogmind --------- Core Integrity 0/600 Matter 265/300 Energy 185/185 System Corruption 0% Temperature Cool (0) Movement Flying (25) Location -9/Mines Parts ------- > --- POWER (2) -------- Light Ion Engine Light Nuclear Core > --- PROPULSION (5) --- Flight Unit Flight Unit Improved VTOL Module Improved VTOL Module Improved VTOL Module > --- UTILITY (4) ------ Experimental Sensor Array Improved Targeting Computer > --- WEAPON (4) ------- Assault Rifle Light Assault Rifle Light Assault Rifle Makeshift Shrapnel Gun > --- INVENTORY (3) ---- Rocket Launcher Datajack Peak State ------------ > --- POWER ------------ Light Ion Engine Light Nuclear Core > --- PROPULSION ------- Flight Unit Flight Unit Improved VTOL Module Improved VTOL Module Improved VTOL Module > --- UTILITY ---------- Experimental Sensor Array Improved Targeting Computer > --- WEAPON ----------- Assault Rifle Light Assault Rifle Light Assault Rifle Makeshift Shrapnel Gun > --- INVENTORY -------- Rocket Launcher Datajack [Rating: 36] Favorites ----------- Power Light Ion Engine Engine Light Ion Engine Power Core Light Nuclear Core Propulsion Improved VTOL Module Leg Aluminum Leg Flight Unit Improved VTOL Module Utility Experimental Sensor Array Device Experimental Sensor Array Processor Signal Interpreter Weapon Assault Rifle Ballistic Gun Assault Rifle Ballistic Cannon Light Cannon Launcher Rocket Launcher Build | -11 -10 -10 -9 -9 ------- Run | Scr Mat Min Mat Min Slots Evolved 11 | 3 1 . . 7 Power 1 | . . . . 1 Propulsion 4 | 1 1 . . 2 Utility 3 | 1 . . . 2 Weapon 3 | 1 . . . 2 Parts Attached 34 | 4 8 5 9 8 Power 6 | 1 . 1 3 1 Engine 4 | 1 . 1 1 1 Core 2 | . . . 2 . Reactor . | . . . . . Propulsion 13 | 2 3 . 5 3 Treads . | . . . . . Leg 2 | 2 . . . . Wheel . | . . . . . Hover . | . . . . . Flight 11 | . 3 . 5 3 Utility 6 | . 2 3 1 . Device 3 | . 1 2 . . Storage . | . . . . . Processor 3 | . 1 1 1 . Hackware . | . . . . . Protection . | . . . . . Artifact . | . . . . . Weapon 9 | 1 3 1 . 4 Energy Gun . | . . . . . Energy Cannon . | . . . . . Ballistic Gun 6 | 1 1 1 . 3 Ballistic Cannon 2 | . 2 . . . Launcher 1 | . . . . 1 Special Weapon . | . . . . . Impact Weapon . | . . . . . Slashing Weapon . | . . . . . Piercing Weapon . | . . . . . Special Melee Weapon . | . . . . . Unidentified Prototypes 5 | . . 2 3 . Parts Lost . | . . . . . Power . | . . . . . Propulsion . | . . . . . Utility . | . . . . . Weapon . | . . . . . Highest Loss Streak . | . . . . . To Critical Strikes . | . . . . . Average Slot Usage (%) 91 | . 89 81 99 92 Engine 9 | . 13 12 4 2 Core 3 | . . . 7 9 Leg 11 | . 25 . . . Flight 21 | . 3 37 36 35 Device 9 | . 9 4 12 9 Processor 8 | . 9 2 12 9 Ballistic Gun 19 | . 14 25 25 19 Ballistic Cannon 5 | . 11 . . . Naked Turns . | . . . . . Heaviest Build 20 | 5 10 20 10 15 Greatest Support 23 | 20 20 12 15 23 Greatest Overweight (x) 1 | . 1 1 . . Average Overweight (x) . | . . . . . Largest Inventory Capacity 3 | 3 3 3 3 3 Average Capacity 2 | 2 3 3 3 3 Most Carried 3 | . 3 3 3 3 Average Carried 2 | . 1 2 2 2 Final Capacity 3 | 3 3 3 3 3 Final Carried 3 | . 1 3 3 2 Class Distribution -------------------- 49% | Sprinter 44% | Mutant 6% | Scavenger-Sprinter Dominant Class ---------------- Mutant | -10/Materials Sprinter | -10/Mines Sprinter | -9/Materials Scavenger-Sprinter | -9/Mines Resources | -11 -10 -10 -9 -9 ----------- Run | Scr Mat Min Mat Min Matter Collected 2307 | 240 701 159 741 466 Remotely . | . . . . . Salvage Created 2381 | . 594 255 1170 362 Parts 176 | . 50 26 79 21 Haulers Intercepted 7 | . 2 . 5 . Recyclers Shooed 6 | . 2 . 2 2 Parts Field Recycled . | . . . . . Retrieved Matter . | . . . . . Parts Self-Destructed . | . . . . . Prevented . | . . . . . Kills | -11 -10 -10 -9 -9 ------- Run | Scr Mat Min Mat Min Combat Hostiles Destroyed 61 | . 12 9 25 15 Guns 47 | . 6 9 25 7 Cannons 6 | . 6 . . . AOE 8 | . . . . 8 Classes Destroyed 14 | . 7 2 3 2 Worker 4 | . 1 . 2 1 Builder 7 | . 3 1 2 1 Tunneler 1 | . . 1 . . Hauler 7 | . 2 . 5 . Recycler 4 | . 1 . . 3 Mechanic 1 | . . . 1 . Operator 3 | . 2 . 1 . Watcher 6 | . 3 . 3 . Swarmer 13 | . . 5 5 3 Grunt 30 | . 12 4 11 3 Duelist 1 | . . . 1 . Sentry 8 | . . . 8 . Demolisher 1 | . . . . 1 Assembled 8 | . . . . 8 Best Kill Streak 11 | . 4 5 11 9 Combat Bots Only 7 | . 3 5 6 7 Max Kills in Single Turn 2 | . 2 2 2 2 Gunslinging 1 | . . 1 1 . Exploded 2 | . . . . 2 Melee . | . . . . . Uniques/NPCs Destroyed . | . . . . . Combat | -11 -10 -10 -9 -9 -------- Run | Scr Mat Min Mat Min Damage Taken 2204 | . 544 186 713 761 Core 1794 | . 437 152 573 632 Absorbed by Shields . | . . . . . Redirected to Core 1413 | . 353 113 483 464 Core Remaining (%) 94 | 100 . 89 . . Volleys Fired 240 | . 91 22 84 43 Largest 4 | . 2 2 2 4 Hottest 84 | . 59 44 44 84 Shots Fired 477 | . 178 44 167 88 Gun 376 | . 91 44 167 74 Cannon 87 | . 87 . . . Launcher 14 | . . . . 14 Special . | . . . . . Kinetic 463 | . 178 44 167 74 Thermal . | . . . . . Explosive 14 | . . . . 14 Electromagnetic . | . . . . . Robot Hit Streak 13 | . 6 9 13 12 Robot Miss Streak 7 | . 5 4 7 6 Penetration Max . | . . . . . Secondary Targets 4 | . . 1 2 1 Max Gunslinging Chain 1 | . . 1 1 1 Shots Hit Robots 294 | . 95 28 116 55 Core Hits 172 | . 36 18 77 41 Critical Kills . | . . . . . Critical Parts Destroyed 1 | . . . 1 . Critical Strikes 4 | . 3 . 1 . Destroy 1 | . . . 1 . Blast 3 | . 3 . . . Melee Attacks . | . . . . . Impact . | . . . . . Slashing . | . . . . . Piercing . | . . . . . Sneak Attacks . | . . . . . Combat Hostiles . | . . . . . Follow-up Attacks . | . . . . . Damage Inflicted 5217 | . 1554 336 2084 1243 Guns 3784 | . 698 336 2084 666 Cannons 856 | . 856 . . . Explosions 577 | . . . . 577 Melee . | . . . . . Ramming . | . . . . . Kinetic 4640 | . 1554 336 2084 666 Thermal 69 | . . . . 69 Explosive 508 | . . . . 508 Electromagnetic . | . . . . . Impact . | . . . . . Slashing . | . . . . . Piercing . | . . . . . Highest Corruption . | . . . . . Average Corruption . | . . . . . Corruption Purged . | . . . . . Corruption Blocked . | . . . . . Overload Shots . | . . . . . Overflow Damage 45 | . 13 . . 32 Projectiles 13 | . 13 . . . Explosions 32 | . . . . 32 Melee . | . . . . . Knockbacks 10 | . 10 . . . Impact . | . . . . . Kinetic 8 | . 8 . . . Secondary 2 | . 2 . . . Self-Inflicted Damage 193 | . . . . 193 Shots 6 | . . . . 6 Rammed . | . . . . . Targets Rammed . | . . . . . Kicked . | . . . . . Crushed . | . . . . . Highest Temperature 194 | . 26 28 47 194 Average Temperature 21 | . 9 8 11 59 Received Heat Transfer 725 | . 303 63 318 41 Siege Activations . | . . . . . Robots Corrupted . | . . . . . Combat Hostiles . | . . . . . Parts Fried . | . . . . . Impact Corruptions . | . . . . . Robots Melted . | . . . . . Combat Hostiles . | . . . . . Parts Melted . | . . . . . Heat Transferred 100 | . . . . 100 Parts Sabotaged . | . . . . . Parts Stolen . | . . . . . Parts Stripped . | . . . . . Power Chain Reactions . | . . . . . Missiles Intercepted . | . . . . . Alert | -11 -10 -10 -9 -9 ------- Run | Scr Mat Min Mat Min Peak Influence 745 | . 296 250 710 745 Initial 187 | . . 93 97 187 Average 245 | . 133 120 413 491 Maximum Alert Level 3 | . 1 1 3 3 Low Security (%) 49 | 100 68 82 12 10 Level 1 24 | . 31 17 22 11 Level 2 24 | . . . 61 74 Level 3 1 | . . . 3 3 Level 4 . | . . . . . Level 5 . | . . . . . High Security . | . . . . . Max Security . | . . . . . Squads Dispatched 5 | . 4 . 1 . Investigation 2 | . 2 . . . Extermination . | . . . . . Reinforcement 3 | . 2 . 1 . Assault . | . . . . . Garrison . | . . . . . Intercept . | . . . . . Searches Triggered . | . . . . . Construction Impeded . | . . . . . Haulers Reinforced . | . . . . . Active Scanning Responses . | . . . . . Cargo Convoy Interrupts . | . . . . . Stealth | -11 -10 -10 -9 -9 --------- Run | Scr Mat Min Mat Min Distress Signals 5 | . 2 . 3 . Communications Jammed . | . . . . . Distress Signals . | . . . . . Times Spotted 86 | . 21 10 35 20 Peak Tracking Total 8 | . 4 3 5 8 Tactical Retreats 4 | . 2 . . 2 Traps | -11 -10 -10 -9 -9 ------- Run | Scr Mat Min Mat Min Traps Triggered 2 | . 2 . . . Indirectly . | . . . . . Trap Hack Attempts . | . . . . . Triggered . | . . . . . Disarmed . | . . . . . Reprogrammed . | . . . . . Reused . | . . . . . Traps Extracted . | . . . . . Installed . | . . . . . Triggered . | . . . . . Machines | -11 -10 -10 -9 -9 ---------- Run | Scr Mat Min Mat Min Machines Disabled 4 | . 1 . 1 2 Max in Single Turn 1 | . 1 . 1 1 Machines Sabotaged . | . . . . . Garrisons Compromised . | . . . . . Overloaded Fab Kills . | . . . . . Hacking | -11 -10 -10 -9 -9 --------- Run | Scr Mat Min Mat Min Machines Accessed 15 | . 5 1 9 . Terminals 14 | . 5 . 9 . Fabricators . | . . . . . Repair Stations . | . . . . . Recycling Units . | . . . . . Scanalyzers . | . . . . . Garrison Access . | . . . . . Total Hacks 38 | . 9 1 28 . Successful 16 | . 4 1 11 . Failed 22 | . 5 . 17 . Catastrophic 4 | . . . 4 . Database Lockouts . | . . . . . Manual 33 | . 9 . 24 . Terminals 37 | . 9 . 28 . Fabricators . | . . . . . Repair Stations . | . . . . . Recycling Units . | . . . . . Scanalyzers . | . . . . . Garrison Access . | . . . . . Terminal Hacks 4 | . . 1 3 . Open Door 1 | . . 1 . . Alert Level 1 | . . . 1 . Unreport Threat 2 | . . . 2 . Fabricator Hacks . | . . . . . Repair Station Hacks . | . . . . . Recycling Unit Hacks . | . . . . . Scanalyzer . | . . . . . Garrison Access Hacks . | . . . . . Unauthorized Hacks 12 | . 4 . 8 . Terminals 12 | . 4 . 8 . Botnet 12 | . 4 . 8 . Fabricators . | . . . . . Repair Stations . | . . . . . Recycling Units . | . . . . . Scanalyzers . | . . . . . Garrison Access . | . . . . . Data Cores Recovered 1 | . . . 1 . Used . | . . . . . Hacking Detections 11 | . 3 . 8 . Full Trace Events . | . . . . . Feedback Events . | . . . . . Feedback Blocked . | . . . . . Robot Schematics Acquired . | . . . . . Robots Built . | . . . . . Authchips . | . . . . . Time . | . . . . . Total Robot Build Rating . | . . . . . Part Schematics Acquired . | . . . . . Parts Built . | . . . . . Authchips . | . . . . . Time . | . . . . . Total Part Build Rating . | . . . . . Parts Repaired . | . . . . . Time . | . . . . . Parts Recycled . | . . . . . Recycled Matter . | . . . . . Retrieved Matter . | . . . . . Retrieved Components . | . . . . . Parts Scanalyzed . | . . . . . Part Schematics Acquired . | . . . . . Parts Damaged . | . . . . . Bothacking | -11 -10 -10 -9 -9 ------------ Run | Scr Mat Min Mat Min Used RIF Installer . | . . . . . Robots Hacked . | . . . . . Non-combat . | . . . . . Combat . | . . . . . Robot Hacks Applied . | . . . . . Relay Couplers Released . | . . . . . Fabnet Peak Effective % . | . . . . . Robots Rewired . | . . . . . Allies Hacked . | . . . . . Hacks Repelled . | . . . . . Allies | -11 -10 -10 -9 -9 -------- Run | Scr Mat Min Mat Min Total Allies 2 | . . . . 2 Largest Group 2 | . . . . 2 Highest-Rated Group 54 | . . . . 54 Highest-Rated Ally 31 | . . . . 31 Total Orders 1 | . . 1 . . EXPLORE 1 | . . 1 . . Ally Attacks . | . . . . . Total Damage . | . . . . . Kills . | . . . . . Allies Corrupted . | . . . . . Allies Melted . | . . . . . Intel | -11 -10 -10 -9 -9 ------- Run | Scr Mat Min Mat Min Robot Analysis Total . | . . . . . Derelict Logs Recovered 4 | . . 3 . 1 Drone Launches 16 | . . 16 . . Drone Recoveries . | . . . . . Exploration | -11 -10 -10 -9 -9 ------------- Run | Scr Mat Min Mat Min Turns Passed 2102 | 46 915 339 538 264 Spaces Moved 2630 | 37 640 670 802 481 Core 5 | 5 . . . . Treads . | . . . . . Legs 481 | 32 449 . . . Wheels . | . . . . . Hover . | . . . . . Flight 2144 | . 191 670 802 481 Fastest Speed 25 | 50 29 29 29 25 Average Speed 46 | 110 92 32 29 26 Slowest Speed 122 | 120 122 109 32 29 Overloaded Moves . | . . . . . Propulsion Burnouts . | . . . . . Robots Hopped 10 | . . 9 . 1 Cave-ins Triggered 1 | . . . . 1 Exploration Rate (%) 68 | 3 91 98 75 76 Regions Visited 4 Branch Regions 2 Pre-discovered Areas 2 | . . 2 . . Known Exits Taken 1 | . 1 . . . Unknown Exits Taken 3 | 1 . 1 1 . Scrap Searched 4 | . . 3 . 1 Spaces Dug . | . . . . . Terrain Destroyed 143 | . 1 . . 142 Melee . | . . . . . Projectile 1 | . 1 . . . AOE 142 | . . . . 142 Terrain Rammed . | . . . . . Walls Destroyed . | . . . . . Machines Disabled . | . . . . . Actions | -11 -10 -10 -9 -9 --------- Run | Scr Mat Min Mat Min Total 3052 | 40 782 742 939 549 Wait 70 | . 15 38 6 11 Move 2605 | 36 639 651 801 478 Hop 10 | . . 9 . 1 Pick Up 10 | . 7 2 1 . Fast Attach 24 | 4 4 3 8 5 Attach 4 | . 3 1 . . Detach . | . . . . . Swap 6 | . 1 1 1 3 Drop 21 | . 7 4 9 1 Fire 240 | . 91 22 84 43 Melee . | . . . . . Ram . | . . . . . Kick . | . . . . . Crush . | . . . . . Escape Stasis 1 | . . . . 1 Rewire . | . . . . . Trap . | . . . . . Miscellaneous 61 | . 15 11 29 6 Route ------- -11/Scrapyard -10/Materials (discovered 5 exits: *Mat x3 / *Min x2) -10/Mines (discovered 2 exits: *Mat x2) -9/Materials (discovered 3 exits: [*Mat x2] / [*Min]) -9/Mines History --------- Turn | Location | Event 5 | -11/Scrapyard | Discovered new exit (range 16) 7 | -11/Scrapyard | Upgraded with Propulsion slot (x1) 7 | -11/Scrapyard | Upgraded with Utility slot (x1) 7 | -11/Scrapyard | Upgraded with Weapon slot (x1) 47 | -11/Scrapyard | Entered Materials 234 | -10/Materials | Discovered new exit (range 12) 300 | -10/Materials | Build established: Mutant 312 | -10/Materials | Discovered new exit (range 13) 548 | -10/Materials | Discovered new exit (range 7) 744 | -10/Materials | Discovered new exit (range 6) 749 | -10/Materials | Identified exit to Mines 855 | -10/Materials | Reached level 2 872 | -10/Materials | Upgraded with Propulsion slot (x1) 928 | -10/Materials | Discovered new exit (range 7) 962 | -10/Materials | Entered Mines 964 | -10/Mines | Found the Drone Emporium 966 | -10/Mines | Found Prototype Device 989 | -10/Mines | Learned Materials emergency access door positions 1005 | -10/Mines | Learned location of Mines (-9) 1009 | -10/Mines | Received a Rocket Launcher from a helpful Derelict 1012 | -10/Mines | Identified Decoy Drone Bay 1031 | -10/Mines | Discovered new exit (range 24) 1047 | -10/Mines | Discovered new exit (range 21) 1130 | -10/Mines | A weapon hastily lodged in a ceiling crevice suddenly fell to the ground 1236 | -10/Mines | Reached level 3 1271 | -10/Mines | Found a damaged Exp. Sensor Array with a note attached 1272 | -10/Mines | Found Prototype Device 1272 | -10/Mines | Identified Exp. Sensor Array 1285 | -10/Mines | Learned location of Storage (-7) 1301 | -10/Mines | Entered Materials 1303 | -9/Materials | Reached level 4 1369 | -9/Materials | Build established: Sprinter 1447 | -9/Materials | Reached level 5 1552 | -9/Materials | Discovered new exit (range 3) 1589 | -9/Materials | Core integrity fell below 50% 1636 | -9/Materials | Reached level 6 1670 | -9/Materials | Discovered new exit (range 15) 1783 | -9/Materials | Discovered new exit (range 12) 1839 | -9/Materials | Entered Mines 1861 | -9/Mines | Assembled infested the area 1923 | -9/Mines | Destroyed 7 combat bots 1940 | -9/Mines | Crushed by falling debris 1941 | -9/Mines | Core integrity fell below 20% 1958 | -9/Mines | Reached level 7 1973 | -9/Mines | Upgraded with Propulsion slot (x2) 1973 | -9/Mines | Upgraded with Utility slot (x2) 1973 | -9/Mines | Upgraded with Weapon slot (x2) 1977 | -9/Mines | Upgraded with Power slot (x1) 2103 | -9/Mines | Destroyed by D-53 Grenadier with Mini Grenade Launcher Last Messages --------------- 02053_ Found 21 Matter. 02053_ Found Hvy. EM Pulse Gun. 02053_ Found 24 Matter. 02053_ Found 11 Matter. 02053_ Acquired 24 matter. 02054_ Acquired 21 matter. 02054_ Acquired 11 matter. 02056_ Acquired derelict log, extracted data. Data stored: Storage entrances (x1). 02059_ Seismic Survey Station disabled. 02059_ G-34 Mercenary destroyed. 02062_ Seismic Survey Station disabled. 02069_ G-47 Trooper destroyed. 02069_ Switching to secondary target: G-34 Mercenary. 02075_ G-34 Mercenary destroyed. 02079_ Acquired 33 matter. 02080_ Acquired 63 matter. 02083_ Used Protomatter to restore core integrity (+81, depleted) 02098_ D-53 Grenadier destroyed. 02101_ The unstable cave ceiling collapses. Map ----- +----------------------------------------------------+ | ????????############??????????????????????????? | | ????????# #??????????????????????????? | | ????????# ! #??????????????????????????? | | ????????# = #??????????????????????????? | | ????????# = #??????????????????????????? | | ????????# """ """ #??????????????????????????? | | ????????# "" "" #??????????????????????????? | | ????????# "" """ #??????????????????????????? | | ????????# [ #??????????????????????????? | | ????????# "" """ #??????????????????????????? | | ????????# "" """ #??????????????????????????? | | ????????# """ """ #??????????????????????????? | | ????????# #??????????????????????????? | | ????????### ########??????????????????????????? | | ??????????# #?????????????????##??????????????? | | ??????????# ########?????????## ?????????????? | | ??????????# ? #?????????# ?????????????? | | ??????????########?#?????????# #######??????? | | ?????????????????# #?????????# ##?????? | | ?????#######??#### #####??????# # #?????? | | ????## ##?# ! ##??????# ###????# | | ???## ### ### ####???# ? #????# | | ??## [ ## #???# #????# | | ??# ###### #???# = #????? | | ??# ##??## ##??## ! | #????# | | ??# #???# @ #?### ??! ##?### | | ??# ##?## d ### # ### | | ?## ### # ### ### | | ?# # " | | ?# ### ########### ## | | ?# #?## ##???????# #### | | ?# #?## ##????????## ## ##??# | | ?# #### ##??????????# # ## # #???? | | ?# ##?# #??????????# # ## #### #??? | | ?# ##??# = ##?????????# # # # ???# #??? | | ?# ##??## #??????????# # # ????# #### | | ?# #???## = ##?????????#? ## | | ?# #???## ##?????????# # # ## | | ?# ##??# #???????? # #### | | ?# #### #?????? # ???#### | | ?# ### ##????? ?? ??????#### | | ?## ### ##????# ??? ?????????## | | ??## ## ##?????# ??? ??????????## | | ???## ## ??????????? % ???????????### | | ????# ### ????????????? /## ?????????????? | | ????## ##?#####??????????? #??##????????????? | | ?????####?????????????????? ?????????????????? | | ??????????????????????????? ?????????????????? | | ?????????????????????????? ?????????????????? | | ??????????????????????????? ??????????????????? | +----------------------------------------------------+ Best States ------------- Heat Dissipation 73 Energy Generation 19 Energy Capacity 185 Matter Stores 300 Matter Capacity 300 Sight Range 16 Robot Scan Range 20 Terrain Scan Density 10 Evasion (%) 65 Targeting Accuracy 6 Item Schematics ----------------- None Robot Schematics ------------------ None Fabricated ------------ Nothing Alien Tech Used ----------------- None Achievements -------------- None Challenges ------------ None RPGLIKE | -11 -10 -10 -9 -9 --------- Run | Scr Mat Min Mat Min Levels Raised 6 | . 1 1 3 1 XP Earned 13033 | 3000 1725 1550 5169 1589 XP Spent 11560 | 3000 800 . . 7760 Upgrades 22 | 6 1 . . 15 Power Slot 1 | . . . . 1 Propulsion Slot 4 | 1 1 . . 2 Utility Slot 3 | 1 . . . 2 Weapon Slot 3 | 1 . . . 2 Heat Dissipation 8 | . . . . 8 Inventory Capacity 3 | 3 . . . . Protomatter Created 489 | . 176 66 197 50 Integrity Restored 1223 | . 306 222 584 111 Core 1192 | . 306 222 553 111 Parts 31 | . . . 31 . Protomatter Decayed 87 | . 74 . . 13 Game ------ Seed MicrowarpLauncherCycler Manual? 0 Play Time 00:30:03 Cumulative 113.8 hours Start 2022.05.01 @ 15:57:19 End 2022.05.01 @ 16:23:05 Sessions 1 Manual Loads 0 Difficulty Rogue Special Mode Winter2019/RPGLIKE Game No. 73 Rogue 34 Adventurer 5 Explorer 34 Win Type - Total 19 Types 10/0/4/4/1/0/0/0/0 Lore% 71 Gallery% 70 Achievement% 76 Wizard Run 0 Options --------- ASCII 0 Keyboard 0 Movement Mouse Keybinds 0 Fullscreen 1 Font 12/Terminus Map View 83x54 Tactical HUD 1 Map Filters NONE Filters NONE Steam 1 RUN: 3091e91c-c926-4bc0-9fbe-d2d98f20f6b4